 Dungeon Sprint DCSS version 0.26-a0-1002-g7355149c4d (webtiles) character file.

Game seed: 5060799525141883899

1216 mhtbhm the Blocker (level 8, 12/72 HPs)
             Began as a Formicid Fighter on Dec 6, 2020.
             Was a Priest of Okawaru.
             Quit the game in the Dungeon (Sprint IX: "|||||||||||||||||||||||||||||").
             The game lasted 00:04:12 (865 turns).

mhtbhm the Blocker (Formicid Fighter)                Turns: 865, Time: 00:04:12

Health: 12/72      AC: 16    Str: 23    XL:     8   Next: 75%
Magic:  7/8        EV: 12    Int:  8    God:    Okawaru [***...]
Gold:   11         SH: 12    Dex: 13    Spells: 7/7 levels left

rFire    . . .     SeeInvis +   a - +2 scimitar (holy)
rCold    . . .     Faith    .   c - +0 kite shield
rNeg     + . .     Spirit   .   b - +4 chain mail {rN+}
rPois    .         Reflect  .   (helmet unavailable)
rElec    .         Harm     .   k - +0 cloak
rCorr    .         Rampage  .   (no gloves)
Will     .....                  (no boots)
Stlth    ..........             (no amulet)
HPRegen  0.22/turn              l - +2 ring of evasion
MPRegen  0.11/turn              m - +3 ring of dexterity

@: no status effects
A: permanent stasis, dig shafts and tunnels, four strong arms, antennae 3
a: Dig, Heroism, Renounce Religion


You were in the Dungeon.
You worshipped Okawaru.
Okawaru was most pleased with you.
You visited 1 branch You collected 11 gold pieces.

Inventory:

Hand Weapons
 a - a +2 scimitar of holy wrath (weapon)
Armour
 b - a +4 chain mail of positive energy (worn)
 c - a +0 kite shield (worn)
 k - a +0 cloak (worn)
Jewellery
 l - a +2 ring of evasion (left hand)
 m - a +3 ring of dexterity (right hand)
Wands
 h - a wand of iceblast (3)
Scrolls
 d - 3 scrolls of remove curse
 e - 2 scrolls of amnesia
 n - a scroll of fog
 o - 4 scrolls of enchant weapon
 p - a scroll of identify
Potions
 f - a potion of heal wounds
 g - 4 potions of magic
 i - a potion of brilliance
 j - 4 potions of curing


   Skills:
 + Level 9.8 Fighting
 + Level 10.2 Long Blades
 + Level 8.7 Armour
 + Level 3.8 Dodging
 + Level 2.9 Stealth
 + Level 10.7 Shields
 + Level 3.6 Evocations


You had 7 spell levels left.
You didn't know any spells.
Your spell library was empty.

Dungeon Overview and Level Annotations

Branches:
Dungeon (1/1)

Altars:
Cheibriados
Dithmenos
Elyvilon
Fedhas
Gozag
Hepliaklqana
Kikubaaqudgha
Makhleb
Nemelex Xobeh
Okawaru
Qazlal
Ru
Sif Muna
Trog
Uskayaw
Vehumet
Wu Jian
Xom
Yredelemnul
Zin
The Shining One
Beogh
Jiyva
Lugonu


Innate Abilities, Weirdness & Mutations

You cannot be hasted, slowed, berserked, paralysed or teleported.
You can dig through walls and to a lower floor.
Your four strong arms can wield two-handed weapons with a shield.
You have a pair of large antennae on your head. (SInv)


Message History

The 13-headed hydra bites you!
* * * LOW HITPOINT WARNING * * *
Unknown command.
Unknown command.
You feel much better. The 13-headed hydra closely misses you.
You block the 13-headed hydra's attack. The 13-headed hydra bites you!
* * * LOW HITPOINT WARNING * * *
The 13-headed hydra closely misses you. The 13-headed hydra barely misses you.
The 13-headed hydra bites you but does no damage.
You block the 13-headed hydra's attack. x2; The 13-headed hydra bites you!
* * * LOW HITPOINT WARNING * * *
The 13-headed hydra bites you but does no damage.
You block the 13-headed hydra's attack.
The 13-headed hydra bites you but does no damage.
You block the 13-headed hydra's attack.
Unknown command.
Are you sure you want to abandon this character and quit the game? (Confirm with "yes".)
Okay, then.
Unknown command.
Are you sure you want to abandon this character and quit the game? (Confirm with "yes".)

▓▓▓▓▓▓▓▓▓▓▓▓▓▓▓▓▓▓▓▓▓▓▓▓▓▓▓▓▓▓▓▓▓
____________________+....†'....W)
▓▓▓▓▓▓▓▓▓▓▓▓▓▓▓▓▓▓▓▓▓▓▓▓▓▓▓▓▓▓▓▓▓
.................................
▓▓▓▓▓▓▓▓▓▓▓▓▓▓▓▓▓▓▓▓▓▓▓▓▓▓▓▓▓▓▓▓▓


{{{{{ {{ hlllFFD@?....:[!....'... ▓▓▓▓▓▓▓▓▓▓▓▓▓▓▓▓▓▓▓▓▓▓▓▓ { {{{{{{{{{
{{{{{{{{{{{{{ You could see a 13-headed hydra, 3 komodo dragons, a cane toad, a
black bear and a bullfrog.

Vanquished Creatures
  A cyclops (D)
  A water moccasin (D)
  An ice beast (D)
  A sky beast (D)
  2 phantoms (D)
  2 orc warriors (D)
  A bullfrog (D)
  2 jellies (D)
  A worker ant (D)
  An adder (D)
  A shadow imp (D)
  2 giant cockroaches (D)
  A hobgoblin (D)
  A quokka (D)
  A ball python skeleton (D)
  A quokka zombie (D)
  2 rats (D)
22 creatures vanquished.

Notes
Turn   | Place    | Note
-------+----------+-------------------------------------------
     0 | D        | mhtbhm the Formicid Fighter began the quest for the Orb.
     0 | D        | Reached XP level 1. HP: 18/18 MP: 1/1
   102 | D        | Noticed a phantom
   102 | D        | Noticed a worker ant
   114 | D        | Killed a worker ant
   115 | D        | Reached skill level 5 in Shields
   115 | D        | Reached XP level 2. HP: 18/26 MP: 2/2
   115 | D        | Reached XP level 3. HP: 22/32 MP: 3/3
   117 | D        | Reached skill level 5 in Fighting
   120 | D        | Reached skill level 5 in Armour
   135 | D        | Found a roughly hewn altar of Beogh.
   135 | D        | Found a snail-covered altar of Cheibriados.
   135 | D        | Found a shadowy altar of Dithmenos.
   135 | D        | Found a white marble altar of Elyvilon.
   135 | D        | Found a blossoming altar of Fedhas.
   135 | D        | Found an opulent altar of Gozag.
   136 | D        | Found a hazy altar of Hepliaklqana.
   137 | D        | Found a viscous altar of Jiyva.
   139 | D        | Found an ancient bone altar of Kikubaaqudgha.
   140 | D        | Found a corrupted altar of Lugonu.
   141 | D        | Found a burning altar of Makhleb.
   142 | D        | Found a sparkling altar of Nemelex Xobeh.
   143 | D        | Found an iron altar of Okawaru.
   144 | D        | Found a stormy altar of Qazlal.
   145 | D        | Found a sacrificial altar of Ru.
   146 | D        | Found a shimmering blue altar of Sif Muna.
   147 | D        | Found a bloodstained altar of Trog.
   148 | D        | Found a hide-covered altar of Uskayaw.
   149 | D        | Found a radiant altar of Vehumet.
   150 | D        | Found an ornate altar of the Wu Jian Council.
   151 | D        | Found a shimmering altar of Xom.
   153 | D        | Became a worshipper of Warmaster Okawaru
   155 | D        | Found a basalt altar of Yredelemnul.
   156 | D        | Found a glowing silver altar of Zin.
   157 | D        | Found a glowing golden altar of the Shining One.
   176 | D        | Killed a phantom
   177 | D        | Reached skill level 1 in Evocations
   177 | D        | Reached XP level 4. HP: 11/41 MP: 4/4
   177 | D        | Reached XP level 5. HP: 13/47 MP: 5/5
   420 | D        | Noticed a sky beast
   420 | D        | Noticed an ice beast
   420 | D        | Noticed a phantom
   423 | D        | Reached * piety under Okawaru
   439 | D        | Killed an ice beast
   440 | D        | Reached skill level 5 in Long Blades
   440 | D        | Reached skill level 1 in Dodging
   440 | D        | Reached XP level 6. HP: 49/56 MP: 6/6
   440 | D        | Killed a phantom
   453 | D        | Killed a sky beast
   453 | D        | Reached ** piety under Okawaru
   454 | D        | Reached XP level 7. HP: 40/63 MP: 7/7
   607 | D        | Noticed a water moccasin
   607 | D        | Noticed a cyclops
   616 | D        | Killed a cyclops
   616 | D        | Reached *** piety under Okawaru
   617 | D        | Reached skill level 1 in Stealth
   617 | D        | Reached skill level 10 in Shields
   617 | D        | Reached XP level 8. HP: 71/71 MP: 8/8
   630 | D        | Reached skill level 10 in Long Blades
   836 | D        | Noticed a komodo dragon
   836 | D        | Noticed a komodo dragon
   836 | D        | Noticed a komodo dragon
   836 | D        | Noticed a five-headed hydra
   836 | D        | Noticed a cane toad
   865 | D        | Quit the game

Illustrated notes

Levels and vault maps discovered:
D:        linesprint [early_d, line_temple, items_1, d_10, items_2, lair_1,
          lair_end, items_3, orc_1, orc_end, items_4, d_15, swamp_1, shoals_1,
          snake_1, spider_1, d_20, vaults_1, items_5, swamp_end, shoals_end,
          snake_end, spider_end, vaults_end, d_27, items_6, zot_1, zot_end,
          crypt_end, forest_end, elf_end, slime_end, tomb_end, abyss_end,
          pan_hell_end]

Skill      XL: |  1  2  3  4  5  6  7  8 |
---------------+-------------------------+-----
Shields        | 5 7 8 9 10 | 10.7
Fighting       | 4 6 7 8 9 |  9.8
Armour         | 4 6 7 8 |  8.7
Long Blades    | 4 5 7 9 10 | 10.2
Evocations     | 1 2 3 |  3.6
Dodging        | 1 2 3 |  3.8
Stealth        | 1 2 |  2.9

Action                   |  1- 3 |  4- 6 |  7- 9 || total
-------------------------+-------+-------+-------++-------
Melee: Long sword        |    30 |       |       ||    30
       Scimitar          |       |    33 |    50 ||    83
Invok: Heroism           |       |       |     1 ||     1
Evoke: Wand              |     3 |       |     4 ||     7
  Use: Potion            |     2 |       |     9 ||    11
 Stab: Invisible         |       |       |     4 ||     4
Armor: Scale mail        |     8 |     6 |     3 ||    17
       Chain mail        |       |       |    41 ||    41
Dodge: Dodged            |     9 |    10 |    43 ||    62
Block: Kite shield       |    14 |    17 |    73 ||   104
       Rpst.: Long sword |     5 |       |       ||     5
       Scimitar          |       |     4 |     2 ||     6

Table legend: (Time is in decaauts)
 A = Elapsed time spent in this place.
 B = Non-inter-level travel time spent in this place.
 C = Inter-level travel time spent in this place.
 D = Time resting spent in this place.
 E = Time spent auto-exploring this place.
 F = Levels seen in this place.
 G = Mean time per level.
                   A        B        C        D        E       F      G
               +--------+--------+--------+--------+--------+-----+--------+
         Total |    873 |    873 |      0 |    421 |    131 |   1 |  873.0 |
       Dungeon |    873 |    873 |      0 |    421 |    131 |   1 |  873.0 |
               +--------+--------+--------+--------+--------+-----+--------+

Top non-repeatable levels by time:
       D: 873 daAuts
